 Dungeon Crawl Stone Soup version 0.31-a0-331-geda263fcf1 (webtiles) character file.

Game seed: 15955498864597882727

1133 Newt the Skirmisher (level 8, -3/49 HPs)
             Began as a Kobold Hunter on July 19, 2023.
             Engulfed by a fire crab (glowing shapeshifter)'s flame (15 damage)
             ... on level 6 of the Dungeon.
             The game lasted 00:07:17 (4113 turns).

Newt the Skirmisher (Kobold Hunter)                 Turns: 4113, Time: 00:07:17

Health: -3/49      AC:  6    Str:  8    XL:     8   Next: 62%
Magic:  8/8        EV: 17    Int: 11    God:
Gold:   209        SH:  0    Dex: 20    Spells: 7/7 levels left

rFire   . . .        a - +0 shortbow (chaos)
rCold   + . .        (shield currently unavailable)
rNeg    . . .        c - +0 leather armour
rPois   .            (helmet restricted)
rElec   .            (no cloak)
rCorr   .            w - +1 pair of gloves {Stlth+}
SInv    +            g - +0 pair of boots
Will    +....        (no amulet)
Stlth   +++          l - ring of see invisible
HPRegen 0.28/turn    j - ring of protection from cold
MPRegen 0.11/turn

%: clarity
@: hasted, quick
A: small, no large weapons, nightstalker 3, beak, clarity, strong-willed 1,
evolution 1
a: no special abilities


You were on level 6 of the Dungeon.
You visited 2 branches of the dungeon, and saw 7 of its levels.
You also visited: Ossuary.

You collected 209 gold pieces.

Inventory:

Hand Weapons
 a - a +0 shortbow of chaos (weapon)
Armour
 c - a +0 leather armour (worn)
 g - a +0 pair of boots (worn)
 p - a +1 helmet
 w - a +1 pair of gloves of stealth (worn)
Jewellery
 j - a ring of protection from cold (right hand)
 l - a ring of see invisible (left hand)
 x - a ring of ice
Wands
 b - a wand of polymorph (3)
 n - a wand of roots (9)
Scrolls
 f - 2 scrolls of identify
 i - a scroll of fog
 o - 4 scrolls of teleportation
 s - a scroll of revelation
 t - 2 scrolls of enchant armour
 u - a scroll of blinking
Potions
 d - a potion of degeneration
 e - 3 potions of curing
 h - 2 potions of might
 k - 3 potions of mutation
 m - a potion of berserk rage
 q - a potion of resistance
 r - a potion of haste
 v - a potion of enlightenment


   Skills:
 - Level 5.0 Fighting
 + Level 10.4 Ranged Weapons
 - Level 6.0 Dodging
 - Level 4.0 Stealth


You had 7 spell levels left.
You didn't know any spells.
Your spell library contained the following spells:

 Spells                   Type           Power      Damage    Failure   Level
 Kiss of Death            Conj/Necr      0%         2d5       45%         1
 Static Discharge         Conj/Air       0%         2-2/arc   61%         2
 Confusing Touch          Hex            0%         N/A       83%         3
 Airstrike                Air            0%         2d(0-16)  99%         4
 Dispel Undead            Necr           0%         3d6       99%         4
 Summon Lightning Spire   Summ/Air       0%         N/A       99%         4


Dungeon Overview and Level Annotations

Branches:
Dungeon (6/15)             Temple (1/1) D:4         Ossuary (visited)

Altars:
Ashenzari
Elyvilon
Fedhas
Gozag
Kikubaaqudgha
Okawaru
Qazlal
Ru
Trog
Vehumet
Wu Jian
Xom
Yredelemnul
Zin
The Shining One

Shops:
D:1 [

Portals:
Sewer: D:6


Innate Abilities, Weirdness & Mutations

You are small and have problems with some larger weapons.
You are completely attuned to the shadows.
You have a beak for a mouth.
You possess an exceptional clarity of mind.
You are strong-willed. (Will+)
You have hidden genetic potential.


Message History

You shoot an arrow.
The arrow hits the yak but does no damage.
The yak is severely wounded.
Unknown command.
Unknown command.
Fire: a) +0 shortbow (chaos)
Press: ? - help, Shift-Dir - straight line, f/p - yak
Aim: a yak shaped shifter (severely wounded, 77% to hit)
You shoot an arrow. The arrow hits the yak.
The yak seems to grow stronger.
The yak is almost dead.
The yak changes into a fire crab!
Unknown command.
Unknown command.
Fire: a) +0 shortbow (chaos)
Press: ? - help, Shift-Dir - straight line, f/p - fire crab
Aim: a fire crab shaped shifter (heavily wounded, 80% to hit)
You shoot an arrow.
The arrow hits the fire crab but does no damage.
The fire crab is heavily wounded.
Unknown command.
Unknown command.
You see here a giant cockroach corpse.
Unknown command.
Fire: a) +0 shortbow (chaos)
Press: ? - help, Shift-Dir - straight line, f/p - fire crab
Aim: a fire crab shaped shifter (moderately wounded, 80% to hit)
You shoot an arrow. The arrow hits the fire crab.
The fire crab is heavily wounded.
Unknown command.
Unknown command.
Fire: a) +0 shortbow (chaos)
Press: ? - help, Shift-Dir - straight line, f/p - fire crab
Aim: a fire crab shaped shifter (heavily wounded, 80% to hit)
You shoot an arrow. The arrow barely misses the fire crab.
The fire crab breathes flames at you. The blast of flame engulfs you.
* * * LOW HITPOINT WARNING * * *
Unknown command.
You are engulfed in blazing flames.
You die...

###
######.##########
####......○○○○~~~~~~
.....####.[@○○t∩~~~~
#.#..## ##.○○○○~~~~~
# ##.)##############
##...### ###...###
... ###...######
##..##### ###.#.....
##.#.#.#.## #.#.....
.........####
#.......


You could see a fire crab shaped shifter.

Vanquished Creatures
  Sigmund (D:2)
  A steam dragon (D:4)
  Duvessa (D:5)
  An ice beast (D:5)
  An ogre (D:4)
  A scorpion (D:5)
  Dowan (D:5)
  A ballistomycete (D:5)
  2 hounds (D:5)
  2 centaur zombies (Ossuary)
  2 iguanas
  A sleepcap (D:5)
  4 mummies (Ossuary)
  3 adders
  A white imp (D:6)
  2 ufetubi
  4 worms
  2 dart slugs
  3 orcs
  7 ball pythons
  6 bats
  9 endoplasms
  3 giant cockroaches
  7 hobgoblins
  3 jackals (D:2)
  4 quokkas
  2 frilled lizards
  8 goblins
  2 hobgoblin zombies (Ossuary)
  9 kobolds
  7 rats
  2 rat zombies (D:5)
103 creatures vanquished.

Vanquished Creatures (others)
  A ballistomycete spore (D:5)
1 creature vanquished.

Grand Total: 104 creatures vanquished

Notes
Turn   | Place    | Note
-------+----------+-------------------------------------------
     0 | D:1      | Newt the Kobold Hunter began the quest for the Orb.
     0 | D:1      | Reached XP level 1. HP: 12/12 MP: 1/1
    96 | D:1      | Found Qasiaw's Armour Emporium.
   142 | D:1      | Reached XP level 2. HP: 17/18 MP: 2/2
   477 | D:1      | Reached XP level 3. HP: 23/23 MP: 3/3
   983 | D:2      | Noticed Sigmund
  1103 | D:2      | Reached XP level 4. HP: 30/30 MP: 4/4
  1152 | D:2      | Killed Sigmund
  1153 | D:2      | Reached skill level 5 in Fighting
  1153 | D:2      | Reached skill level 7 in Ranged Weapons
  1153 | D:2      | Reached XP level 5. HP: 22/35 MP: 5/5
  1153 | D:2      | Reached XP level 6. HP: 25/40 MP: 6/6
  1868 | D:3      | Reached skill level 8 in Ranged Weapons
  2043 | D:4      | Found a staircase to the Ecumenical Temple.
  2050 | Temple   | Entered the Ecumenical Temple
  2107 | D:4      | Noticed an ogre
  2113 | D:4      | Killed an ogre
  2114 | D:4      | Reached XP level 7. HP: 44/44 MP: 7/7
  2159 | D:4      | Noticed a steam dragon
  2164 | D:4      | Killed a steam dragon
  2165 | D:4      | Reached skill level 9 in Ranged Weapons
  2705 | D:5      | Entered Level 5 of the Dungeon
  2815 | D:5      | Found a sand-covered staircase.
  2821 | Ossuary  | Entered an ossuary
  2884 | Ossuary  | Reached skill level 10 in Ranged Weapons
  3098 | D:5      | Reached XP level 8. HP: 44/49 MP: 8/8
  3218 | D:5      | Reached skill level 5 in Dodging
  3384 | D:5      | Noticed Duvessa
  3388 | D:5      | Noticed Dowan
  3425 | D:5      | Killed Duvessa
  3431 | D:5      | Killed Dowan
  3988 | D:6      | Gained mutation: You possess an exceptional clarity of
                  | mind. [potion of mutation]
  3988 | D:6      | Gained mutation: You have hidden genetic potential. [potion
                  | of mutation]
  3988 | D:6      | Gained mutation: You have a beak for a mouth. [potion of
                  | mutation]
  3988 | D:6      | Gained mutation: You are strong-willed. (Will+) [potion of
                  | mutation]
  4079 | D:6      | Found a glowing drain.
  4086 | D:6      | a quokka changed into a glowing shapeshifter
  4086 | D:6      | Noticed a glowing shapeshifter (glowing shapeshifter)
  4086 | D:6      | a glowing shapeshifter changed into a manticore
  4086 | D:6      | Noticed a manticore (glowing shapeshifter)
  4089 | D:6      | a manticore changed into a glowing shapeshifter
  4089 | D:6      | Noticed a glowing shapeshifter (glowing shapeshifter)
  4089 | D:6      | a glowing shapeshifter changed into a sea snake
  4089 | D:6      | Noticed a sea snake (glowing shapeshifter)
  4090 | D:6      | a sea snake changed into a glowing shapeshifter
  4090 | D:6      | Noticed a glowing shapeshifter (glowing shapeshifter)
  4090 | D:6      | a glowing shapeshifter changed into a floating eye
  4091 | D:6      | a floating eye changed into a glowing orange brain
  4091 | D:6      | Noticed a glowing orange brain (glowing shapeshifter)
  4093 | D:6      | a glowing orange brain changed into a swamp dragon
  4093 | D:6      | Noticed a swamp dragon (glowing shapeshifter)
  4094 | D:6      | a swamp dragon changed into a glowing shapeshifter
  4094 | D:6      | Noticed a glowing shapeshifter (glowing shapeshifter)
  4094 | D:6      | a glowing shapeshifter changed into a manticore
  4094 | D:6      | Noticed a manticore (glowing shapeshifter)
  4105 | D:6      | a manticore changed into a jumping spider
  4105 | D:6      | Noticed a jumping spider (glowing shapeshifter)
  4106 | D:6      | a jumping spider changed into a yak
  4106 | D:6      | Noticed a yak (glowing shapeshifter)
  4108 | D:6      | a yak changed into a fire crab
  4108 | D:6      | Noticed a fire crab (glowing shapeshifter)
  4113 | D:6      | Engulfed by a fire crab (glowing shapeshifter)'s flame

Illustrated notes

Levels and vault maps discovered:
D:1:      dpeg_arrival_court, layout_basic, serial_shops, shop
D:2:      layout_rooms, uniq_sigmund
D:3:      layout_basic, minmay_joined_circles
D:4:      layout_rooms, minmay_temple_entry_glass
D:5:      layout_basic, enter_ossuary_4, uniq_duvessa
D:6:      layout_rooms, mainiacjoe_overflow_boulevard, portal_sewer_entry_f,
          minmay_misc_feat_doors
Temple:   nicolae_temple_bog_church

Skill      XL: |  1  2  3  4  5  6  7  8 |
---------------+-------------------------+-----
Fighting       | 3 4 5 |  5.0
Ranged Weapons | 7 8 10 | 10.4
Dodging        | 4 6 |  6.0
Stealth        | 4 |  4.0

Action                     |  1- 3 |  4- 6 |  7- 9 || total
---------------------------+-------+-------+-------++-------
   Fire: Shortbow          |    89 |    93 |   183 ||   365
  Evoke: Wand              |       |       |     5 ||     5
    Use: Potion            |       |     3 |     3 ||     6
         Scroll            |       |    10 |     5 ||    15
 Armour: Leather armour    |    13 |     6 |    19 ||    38
         Skin              |       |     1 |       ||     1
  Dodge: Dodged            |    31 |    28 |    73 ||   132

Table legend: (Time is in decaauts)
 A = Elapsed time spent in this place.
 B = Non-inter-level travel time spent in this place.
 C = Inter-level travel time spent in this place.
 D = Time resting spent in this place.
 E = Time spent auto-exploring this place.
 F = Levels seen in this place.
 G = Mean time per level.
                   A        B        C        D        E       F      G
               +--------+--------+--------+--------+--------+-----+--------+
         Total |   4119 |   3979 |    140 |    674 |   2591 |   8 |  514.9 |
       Dungeon |   3965 |   3827 |    138 |    674 |   2495 |   6 |  660.8 |
        Temple |      1 |      0 |      1 |      0 |      0 |   1 |    1.0 |
       Ossuary |    152 |    152 |      0 |      0 |     96 |   1 |  152.0 |
               +--------+--------+--------+--------+--------+-----+--------+

Top non-repeatable levels by time:
     D:5: 1123 daAuts
     D:2: 790 daAuts
     D:4: 685 daAuts
     D:1: 637 daAuts
     D:3: 605 daAuts
 Ossuary: 152 daAuts
     D:6: 122 daAuts
  Temple: 1 daAuts
